 Dungeon Crawl Stone Soup version 0.31.0-11-ge490571c62 (webtiles) character file.

Game seed: 10450864766616703520

50 qw the Ducker (level 3, 0/18 HPs)
             Began as a Spriggan Hunter on Feb 5, 2024.
             Slain by a jackal (2 damage)
             ... on level 2 of the Dungeon.
             The game lasted 00:00:26 (1567 turns).

qw the Ducker (Spriggan Hunter)                     Turns: 1567, Time: 00:00:27

Health: 0/18       AC:  2    Str:  9    XL:     3   Next: 55%
Magic:  0/4        EV: 21    Int:  7    God:
Gold:   72         SH:  0    Dex: 26    Spells: 2/2 levels left

rFire   . . .        a - +0 shortbow
rCold   . . .        (shield currently unavailable)
rNeg    + . .        c - +0 robe
rPois   +            (helmet restricted)
rElec   .            f - scarf {repulsion}
rCorr   .            (gloves unavailable)
SInv    +            (boots unavailable)
Will    .....        d - amulet of guardian spirit
Stlth   ++           b - ring of Dionkuxutuf {rPois rN+ Str+2 Int-3}
HPRegen 0.23/turn    g - +6 ring of dexterity
MPRegen 0.09/turn

%: repel missiles, guardian spirit
@: very quick
A: very small, no large weapons, unfitting armour, see invisible, speed 3
a: no special abilities


You were on level 2 of the Dungeon.
You visited 1 branch of the dungeon, and saw 3 of its levels.

You collected 72 gold pieces.


Innate Abilities, Weirdness & Mutations

You are very small and have problems with some larger weapons.
You are too small for most types of armour.
You have supernaturally acute eyesight. (SInv)
You cover ground extremely quickly. (Speed+++)


   Skills:
 - Level 1.5 Fighting
 - Level 4.4 Ranged Weapons
 + Level 4.7 Dodging
 - Level 1.5 Stealth


You had 2 spell levels left.
You didn't know any spells.
Your spell library was empty.

Inventory:

Hand Weapons
 a - a +0 shortbow (weapon)
Armour
 c - a +0 robe (worn)
 f - a scarf of repulsion (worn)
Jewellery
 b - the ring of Dionkuxutuf (left hand) {rPois rN+ Str+2 Int-3}
   (You found it on level 2 of the Dungeon)

   [ring of positive energy]

   Str+2:     It affects your strength (+2).
   Int-3:     It affects your intelligence (-3).
   rPois:     It protects you from poison rN+: It protects you from negative
   energy.
 d - an amulet of guardian spirit (around neck)
 g - a +6 ring of dexterity (right hand)
 j - a ring of resist corrosion
Potions
 e - a potion of curing

Dungeon Overview and Level Annotations

Branches:
Dungeon (3/15)

Altars:
Qazlal

Shops:
D:1 :


Message History

The jackal closely misses you. x2; The jackal misses you.
The jackal bites you. The adder closely misses you.
The quokka closely misses you.
You climb upwards.
There is a stone staircase leading down, spattered with blood here.
You shoot an arrow. The arrow misses the adder.
The jackal misses you. The jackal completely misses you.
The adder completely misses you. The quokka closely misses you.
The jackal bites you. x2; The adder bites you.
You shoot an arrow. The arrow hits the adder.
The adder is lightly wounded.
The jackal misses you. x2; The quokka bites you.
The adder bites you. The jackal misses you. The jackal completely misses you.
The quokka bites you.
You shoot an arrow. The arrow closely misses the adder.
The adder completely misses you. The jackal closely misses you.
The jackal bites you. The quokka closely misses you.
The adder bites you but does no damage. The jackal bites you.
You shoot an arrow. The arrow hits the adder.
The adder is heavily wounded.
The jackal misses you. The adder misses you. The quokka completely misses you.
The jackal closely misses you. The jackal misses you.
You shoot an arrow. The arrow barely misses the adder.
The adder completely misses you. The quokka closely misses you.
The jackal barely misses you. The jackal closely misses you.
The adder misses you. The quokka barely misses you.
The jackal barely misses you. x2
You shoot an arrow. The arrow hits the adder!
You kill the adder!
The jackal misses you.
The jackal bites you but does no damage.
The quokka misses you.
The jackal bites you but does no damage.
The jackal misses you. The jackal barely misses you.
You shoot an arrow. The arrow barely misses the jackal.
The quokka completely misses you. The jackal closely misses you.
The jackal bites you. The jackal completely misses you.
The quokka completely misses you.
You shoot an arrow. The arrow hits the jackal.
You kill the jackal!
The jackal misses you. The jackal bites you.
You die...

#.# ##.###.##.#..#.#.#.# #.#
#.#####.###.##.....###..# #.#
#...........#.......#.### #.#
...)....#####.#.#....### #.#
##..##### #..#.......# #.# ....#
#.#........### #.# ##.##
####..#....<....###.# ##.##
####....hr#%...........# ....#
#.......hh@h.......##### ##..#
#.##.###.#####...### #..###.##.#
#.# #...# #......##.# #.# ##.##
##....###.###.### #.#
#####.###.#.....# #.###########
#.........#.###.####......<.....
#.###.##..#.# #.....############
##.###.##..#.###.###.#


You could see a quokka and 4 jackals.

Vanquished Creatures
  2 adders (D:2)
  2 endoplasms (D:1)
  A giant cockroach (D:2)
  3 goblins (D:1)
  2 hobgoblins
  4 jackals
  A kobold (D:1)
  2 quokkas (D:1)
  5 ball pythons
  4 bats
  3 frilled lizards (D:1)
  4 rats
33 creatures vanquished.

Notes
Turn   | Place    | Note
-------+----------+-------------------------------------------
     0 | D:1      | qw the Spriggan Hunter began the quest for the Orb.
     0 | D:1      | Reached XP level 1. HP: 10/10 MP: 2/2
     0 | D:1      | 0 ||| qw: Version: 0.3-a-160-g6735b56
     0 | D:1      | 0 ||| qw: Game counter: 6332
     0 | D:1      | 0 ||| qw: Melee chars always use a shield: true
     0 | D:1      | 0 ||| qw: God list: Okawaru
     0 | D:1      | 0 ||| qw: Allow faded altars: false
     0 | D:1      | 0 ||| qw: Do Orc after clearing Dungeon:15 true
     0 | D:1      | 0 ||| qw: Do second Lair branch before Depths: true
     0 | D:1      | 0 ||| qw: Lair rune preference: random
     0 | D:1      | 0 ||| qw: Goals: Normal
     0 | D:1      | 0 ||| PLANNING D:1-11
    34 | D:1      | Reached skill level 3 in Dodging
   123 | D:1      | Found Jutigaki's Book Shop.
   161 | D:1      | Reached XP level 2. HP: 14/14 MP: 3/3
   877 | D:1      | 877 ||| UPGRADING to scarf of repulsion.
   882 | D:1      | 882 ||| READING scroll labelled ITIDIO JISMOM.
   883 | D:1      | 883 ||| DRINKING 2 fuming yellow potions.
   884 | D:1      | 884 ||| DROPPING scroll of butterflies.
   921 | D:2      | Found a stormy altar of Qazlal.
   927 | D:2      | Identified the ring of Dionkuxutuf {rPois rN+ Str+2 Int-3}
  1178 | D:2      | Reached XP level 3. HP: 18/18 MP: 4/4
  1494 | D:2      | 1494 ||| UPGRADING to amulet of guardian spirit.
  1499 | D:2      | 1499 ||| UPGRADING to ring of Dionkuxutuf {rPois rN+ Str+2
                  | Int-3}.
  1500 | D:2      | 1500 ||| UPGRADING to +6 ring of dexterity.
  1501 | D:2      | 1501 ||| READING scroll labelled OTUNLATAL ZANOSH.
  1505 | D:2      | 1505 ||| READING scroll labelled ELAUNT VIFIROM.
  1524 | D:3      | 1524 ||| STAIRDANCE
  1558 | D:3      | 1558 ||| STAIRDANCE
  1561 | D:2      | HP: 4/18 [quokka (4)]
  1562 | D:2      | HP: 1/18 [jackal (3)]
  1567 | D:2      | Slain by a jackal

Levels and vault maps discovered:
D:1:      matt_arrival_grand_opening, layout_basic, serial_shops, shop,
          minmay_lizard_pond
D:2:      layout_loops_ring, basic_altar
D:3:      layout_basic, ebering_ecumenical_altar_sacrificial,
          minmay_joined_circles

Skill      XL: |  1  2 |
---------------+-------+-----
Dodging        | 3 4 |  4.7
Fighting       | |  1.5
Ranged Weapons | |  4.4
Stealth        | |  1.5

Action                     || total
---------------------------++-------
   Fire: Shortbow          ||    85
    Use: Scroll            ||     3
         Potion            ||     1
 Armour: Robe              ||    30
  Dodge: Dodged            ||    93

Table legend:
 A = Non-vault XP
 B = Vault XP
 C = Vault XP percentage of total XP
 D = Non-vault monster count
 E = Vault monster count
 F = Vault count percentage of total count
                 A         B        C        D         E       F
            +---------+---------+-------+---------+---------+-------
      Total |      71 |       3 |   4.1 |      30 |       3 |   9.1
            +---------+---------+-------+---------+---------+-------
        D:1 |      29 |       3 |   9.4 |      18 |       3 |  14.3
        D:2 |      42 |       0 |   0.0 |      12 |       0 |   0.0
            +---------+---------+-------+---------+---------+-------
